 Dungeon Crawl Stone Soup version 0.17.2 (webtiles) character file.

989 McIrco the Skirmisher (level 7, -7/60 HPs)
             Began as a Centaur Fighter on June 4, 2016.
             Was a Believer of Ashenzari.
             Mangled by an ogre
             ... wielding a cursed +0 giant spiked club
              (9 damage)
             ... on level 6 of the Dungeon.
             The game lasted 00:19:21 (4985 turns).

McIrco the Skirmisher (Centaur Fighter)             Turns: 4985, Time: 00:19:21

Health: -7/60      AC: 14    Str: 23    XL:     7   Next: 98%
Magic:  7/7        EV:  0    Int: 11    God:    Ashenzari [**....]
Gold:   164        SH: 14    Dex:  9    Spells: 0 memorised, 6 levels left

rFire  + . .     SeeInvis .     a - +0 war axe
rCold  x . .     Clarity  .     M - +0 plate armour
rNeg   . . .     SustAt   .     K - +0 large shield
rPois  .         Gourm    .     (no helmet)
rElec  .         Spirit   .     (no cloak)
rCorr  .         Warding  .     (no gloves)
rMut   .         Stasis   .     o - +0 centaur barding
MR     .....                    (no amulet)
Stlth  ..........               (no ring)
                                L - ring of Icoziaq {Fire Str+3 Int+4}

@: very quick, not resistant to hostile enchantments, extremely unstealthy
A: hooves 3, deformed body, speed 2, tough skin 3
a: Scrying, Renounce Religion


You were on level 6 of the Dungeon.
You worshipped Ashenzari.
Ashenzari was pleased with you.
You were not hungry.

You visited 1 branch of the dungeon, and saw 6 of its levels.
You also visited: Ossuary.

You collected 234 gold pieces.
You spent 70 gold pieces at shops.

Inventory:

Hand Weapons
 a - a +0 war axe (weapon)
 p - a +1 dagger of draining
 F - the +5 rapier "Caoxeoce" {pierce, MR+ Str+2}
   (You found it on level 5 of the Dungeon)

   It inflicts extra damage upon your enemies.
   It affects your strength (+2).
   It affects your resistance to hostile enchantments.
Armour
 b - a +0 scale mail
 c - a +0 shield
 o - a +0 centaur barding (worn)
 K - a +0 large shield (worn)
 M - a +0 plate armour (worn)
Jewellery
 L - the ring of Icoziaq (left hand) {Fire Str+3 Int+4}
   (You found it on level 6 of the Dungeon)

   [ring of fire]

   It enhances your fire magic, and weakens your ice magic.
   It affects your strength (+3).
   It affects your intelligence (+4).
   It protects you from fire.
   It makes you vulnerable to cold.
Wands
 h - a wand of lightning (7)
 x - a wand of enslavement (8)
 H - a wand of polymorph (13)
Scrolls
 f - 3 scrolls of amnesia {unknown}
 g - 10 scrolls of identify {unknown}
 j - a scroll of fog {unknown}
 k - a scroll of enchant armour {unknown}
 l - 2 scrolls of magic mapping {unknown}
 m - 2 scrolls of teleportation {unknown}
 u - 3 scrolls of blinking {unknown}
 w - 4 scrolls of immolation {unknown}
 y - 2 scrolls of noise {unknown}
 A - 2 scrolls of remove curse
 B - 3 scrolls of torment {unknown}
 C - a scroll of fear {unknown}
 D - 3 scrolls of random uselessness {unknown}
 G - a scroll of brand weapon {unknown}
Potions
 d - 4 potions of might
 i - 2 potions of resistance
 n - 3 potions of invisibility
 q - 2 potions of brilliance {unknown}
 r - 2 potions of poison {unknown}
 t - 4 potions of degeneration
 v - 3 potions of mutation {unknown}
 E - 2 potions of curing
 I - a potion of haste
 J - a potion of heal wounds {unknown}
Comestibles
 e - a bread ration
 s - 2 meat rations
 z - a royal jelly


   Skills:
 + Level 4.6 Fighting
 + Level 4.4 Axes
 + Level 3.8 Armour
 + Level 2.9 Dodging
 + Level 3.7 Shields


You had 6 spell levels left.
You didn't know any spells.

Dungeon Overview and Level Annotations

Branches:
Dungeon (6/15)             Temple (0/1) D:5

Altars:
Ashenzari
Fedhas
Nemelex Xobeh
Ru
Yredelemnul

Shops:
D:4 !

Annotations:
D:4 Eustachio
D:6 Grinder


Innate Abilities, Weirdness & Mutations

You have hooves in place of feet.
Armour fits poorly on your strangely shaped body.
You cover ground very quickly.
You have extremely tough skin (AC +3).


Message History

* * * LOW HITPOINT WARNING * * *
Grinder hits you but does no damage.
You can move again.
Unknown command.
Unknown command.
Unknown command.
Unknown command.
Your plate armour prevents you from hitting the gnoll.
The gnoll is lightly wounded.
You hit the crimson imp.
The crimson imp is moderately wounded.
You barely miss the ogre.
The ogre is moderately wounded.
You hit Grinder.
Grinder is lightly wounded.
The gnoll hits you but does no damage.
The crimson imp lashes its tail.
You block the crimson imp's attack. Grinder hits you but does no damage.
The ogre hits you with a giant spiked club!
You die...

5.................##........ ,
..................##........
%..........................>
##............#.....รท)......,,
..............##.....##....
.......5....................
....#....$.###..............,
....#......###.g5...........
....#..........5@..##.......
................O......#....
....##....####..............
....##....# #........#..... ,
##......... *#........#...
.#.......... .........# ,
....!.................#
..............#.......# ,,
..............#....... ,


You could see Grinder, an ogre, a gnoll and a crimson imp.

Vanquished Creatures
  The ghost of McIrco the Skirmisher, an amateur CeFi (D:4)
  A centaur (D:5)
  An ice beast (D:5)
  An ogre (D:5)
  A water moccasin zombie (D:5)
  A water moccasin skeleton (D:4)
  2 human zombies (Ossuary)
  2 hounds
  4 orc wizards
  A worker ant (D:5)
  A hound zombie (D:5)
  3 mummies (Ossuary)
  3 gnolls (D:6)
  9 adders
  A shadow imp (D:5)
  3 worms (D:3)
  4 giant geckos
  11 orcs
  A ball python (D:5)
  9 bats
  3 giant cockroaches
  A gnoll zombie (Ossuary)
  12 goblins
  7 hobgoblins
  7 jackals
  A quokka (D:5)
  3 giant newts
  2 goblin zombies (Ossuary)
  9 kobolds
  2 kobold zombies (Ossuary)
  An orc zombie (Ossuary)
  7 rats
115 creatures vanquished.

Vanquished Creatures (others)
  A worm (D:5)
  A goblin (D:5)
2 creatures vanquished.

Grand Total: 117 creatures vanquished

Notes
Turn   | Place    | Note
--------------------------------------------------------------
     0 | D:1      | McIrco the Centaur Fighter began the quest for the Orb.
     0 | D:1      | Reached XP level 1. HP: 19/19 MP: 1/1
   259 | D:1      | Reached XP level 2. HP: 26/26 MP: 2/2
   935 | D:2      | Reached XP level 3. HP: 20/31 MP: 3/3
  1126 | D:2      | Found a blossoming altar of Fedhas.
  1278 | D:2      | Found a shattered altar of Ashenzari.
  2025 | D:3      | Found a faded altar to an unknown god.
  2038 | D:3      | Reached XP level 4. HP: 36/38 MP: 4/4
  2056 | D:3      | Reached skill level 1 in Dodging
  2372 | D:3      | Became a worshipper of Ashenzari the Shackled
  2372 | D:3      | Reached * piety under Ashenzari
  2494 | D:3      | Reached XP level 5. HP: 23/46 MP: 5/5
  2561 | D:3      | Found a basalt altar of Yredelemnul.
  2729 | D:4      | Found a sand-covered staircase.
  2734 | D:4      | Noticed McIrco's ghost (amateur CeFi)
  2744 | Ossuary  | Entered an ossuary
  3166 | D:4      | Reached XP level 6. HP: 35/52 MP: 6/6
  3392 | D:4      | Killed McIrco's ghost
  3392 | D:4      | Reached skill level 4 in Fighting
  3546 | D:4      | Found Samimase's Distillery.
  3552 | D:4      | Bought a potion of might for 40 gold pieces
  3552 | D:4      | Bought a potion of curing for 30 gold pieces
  3572 | D:4      | Found a sparkling altar of Nemelex Xobeh.
  3703 | D:4      | Noticed Eustachio
  3752 | D:5      | Entered Level 5 of the Dungeon
  4021 | D:5      | Reached XP level 7. HP: 54/59 MP: 7/7
  4027 | D:5      | Found a blossoming altar of Fedhas.
  4133 | D:5      | Found a staircase to the Ecumenical Temple.
  4134 | D:5      | Reached ** piety under Ashenzari
  4470 | D:5      | Got the rapier "Caoxeoce" {pierce, MR+ Str+2}
  4477 | D:5      | Found a sacrificial altar of Ru.
  4678 | D:6      | Identified the ring of Icoziaq {Fire Str+3 Int+4}
  4724 | D:6      | Noticed Grinder
  4979 | D:6      | Paralysed by Grinder for 6 turns
  4984 | D:6      | HP: 2/60 [ogre/giant spiked club (4)]
  4985 | D:6      | Mangled by an ogre

Action                   |  1- 3 |  4- 6 |  7- 9 || total
-------------------------+-------+-------+-------++-------
Melee: War axe           |   161 |   238 |   109 ||   508
  Use: Potion            |       |     7 |       ||     7
  Eat: Chunk             |     2 |     2 |       ||     4
       Bread ration      |       |     1 |     1 ||     2
       Beef jerky        |       |     1 |       ||     1
       Fruit             |       |       |     1 ||     1
